Map: [TLMC15] Hardwire

Players

Clem - Winner!

  • Race: Terran Terran

MaxPax

  • Race: Protoss Protoss

Event: DreamHack SC2 Masters Last Chance 2022

VOD

Have the link to the VOD?

Description

Time

  • Played on: Jan. 13, 2022, 8:31 a.m.
  • Length: 7:45

All games in this series

Show
View Real Time Build Order
Export as new Build Order

Clem Terran - Winner!

Build Orders:  

Get SALT Encoding   

  12  0:00  SCV  
  13  0:12  SCV  
  14  0:17  Supply Depot  
  14  0:24  SCV  
  15  0:38  SCV  
  15  0:39  Barracks  
  16  0:44  Refinery  
  16  0:51  SCV  
  17  1:00  Barracks  
  17  1:03  SCV  
  18  1:16  SCV  
  19  1:26  Reaper  
  19  1:28  Orbital Command  
  20  1:33  Supply Depot  
  20  1:47  Reaper  
  20  1:53  SCV  
  22  2:06  SCV  
  24  2:11  Supply Depot  
  24  2:12  Marine  
  24  2:21  Factory  
  24  2:23  SCV  
  24  2:24  Marine  
  26  2:30  Marine  
  27  2:38  SCV  
  27  2:41  Marine  
  29  2:55  Marine  
  29  2:59  Marine  
  29  3:05  Factory Tech Lab  
  30  3:10  Supply Depot  
  31  3:13  Marine  
  31  3:22  Marine  
  31  3:24  Cyclone  
  33  3:31  Marine  
  33  3:40  Marine  
  34  3:42  Command Center  
  34  3:46  Refinery  
  34  3:48  SCV  
  35  3:56  Cyclone  
  35  4:00  SCV  
  39  4:10  Supply Depot  
  39  4:13  SCV  
  40  4:24  Marine  
  41  4:28  Marine  
  41  4:30  Cyclone  
  46  4:31  SCV  
  45  4:41  Marine  
  45  4:43  SCV  
  45  4:45  Barracks, Marine  
  47  4:54  SCV  
  47  4:55  SCV  
  50  5:06  Cyclone  
  52  5:09  SCV  
  52  5:10  Barracks Tech Lab  
  52  5:11  Marine, Orbital Command  
  53  5:17  Engineering Bay  
  53  5:21  SCV  
  54  5:29  Marine  
  54  5:30  Marine, Stimpack  
  54  5:33  SCV  
  55  5:38  SCV  
  54  5:45  Starport  
  54  5:46  SCV  
  54  5:47  Marine  
  54  5:48  Marine  
  54  5:49  Factory Reactor, Terran Infantry Weapons Level 1  
  56  5:51  SCV  
  56  5:53  Supply Depot  
  56  5:54  Marine  
  57  6:00  SCV  
  58  6:05  Marine  
  58  6:06  Marine, Combat Shield  
  58  6:10  Supply Depot, Bunker  
  60  6:12  Marine  
  60  6:16  SCV  
  58  6:23  Marine, SCV  
  58  6:24  Marauder  
  59  6:28  SCV  
  59  6:30  Marine  
  58  6:36  Refinery  
  57  6:40  Barracks, Marine  
  57  6:41  Barracks  
  57  6:44  Medivac  
  57  6:45  Marine  
  61  6:47  Marine  
  61  6:48  Medivac  
  61  6:53  Missile Turret  
  64  6:58  Marine  
  61  7:03  Marine  
  61  7:05  Marine  
  61  7:08  Missile Turret  
  63  7:13  SCV x2  
  64  7:16  Marine  
  64  7:21  Supply Depot, Marine  
  64  7:23  Marine  
Show
View Real Time Build Order
Export as new Build Order

MaxPax Protoss 

Build Orders: Oracle Opening 

Get SALT Encoding   

  12  0:00  Probe  
  13  0:12  Probe  
  14  0:19  Pylon  
  14  0:24  Probe  
  15  0:37  Probe (Chrono Boost)  
  15  0:39  Gateway  
  16  0:48  Assimilator  
  16  0:49  Probe (Chrono Boost)  
  17  0:54  Probe (Chrono Boost)  
  18  1:04  Probe  
  19  1:16  Probe  
  20  1:21  Assimilator  
  20  1:23  Pylon  
  20  1:26  Cybernetics Core  
  20  1:28  Zealot  
  20  1:29  Probe  
  23  1:41  Probe  
  24  1:53  Probe  
  25  1:59  Pylon  
  25  2:00  Stalker (Chrono Boost)  
  25  2:06  Probe  
  27  2:20  Stargate  
  27  2:25  Stalker  
  29  2:37  Pylon  
  29  2:38  Pylon  
  29  2:40  Warp Gate  
  29  2:42  Shield Battery  
  31  3:11  Stalker  
  31  3:12  Pylon  
  29  3:13  Stargate  
  25  3:45  Probe  
  26  3:48  Stalker  
  26  3:51  Nexus  
  28  3:55  Oracle (Chrono Boost)  
  31  4:03  Probe  
  32  4:15  Probe  
  33  4:27  Twilight Council  
  33  4:28  Shield Battery  
  33  4:37  Stalker  
  35  4:42  Pylon  
  34  4:56  Void Ray (Chrono Boost)  
  38  5:15  Dark Shrine  
  38  5:19  Gateway  
  37  5:51  Pylon, Gateway x2  
  32  6:30  Dark Templar  
  34  6:34  Dark Templar  
  36  6:46  Dark Templar  
  38  7:00  Pylon  
  36  7:10  Dark Templar  
  36  7:15  Zealot  

Tags
 
Add a new tag
Caveats
  • Supply blocks, unpowered buildings, or Contaminate may cause inaccurate times.
  • Supply counts are checked every 10 seconds.